 Dungeon Crawl Stone Soup version 0.19.5 (webtiles) character file.

151 JeffiDaFish the Shield-Bearer (level 5, -1/33 HPs)
             Began as a Gargoyle Fighter on Mar 28, 2017.
             Was an Initiate of Okawaru.
             Slain by an ogre
             ... wielding a +0 giant club
              (9 damage)
             ... on level 4 of the Dungeon.
             The game lasted 00:03:54 (3019 turns).

JeffiDaFish the Shield-Bearer (Gargoyle Fighter)    Turns: 3019, Time: 00:03:55

Health: -1/33      AC: 14    Str: 19 (20) XL:     5   Next: 33%
Magic:  5/5        EV:  5    Int:  7 (8)  God:    Okawaru [......]
Gold:   285        SH:  9    Dex: 10      Spells: 0 memorised, 4 levels left

rFire  . . .     SeeInvis .     a - +0 flail
rCold  . . .     Gourm    .     g - +0 chain mail
rNeg   + . .     Faith    .     c - +0 shield
rPois  ∞         Spirit   .     (no helmet)
rElec  +         Reflect  .     (no cloak)
rCorr  .         Harm     .     m - +0 pair of gloves
MR     .....                    (no boots)
Stlth  ..........               (no amulet)
                                (no ring)
                                (no ring)

@: no status effects
A: negative energy resistance 1, electricity resistance, unbreathing,
petrification resistance, rot immunity, AC +4
a: Renounce Religion


You were on level 4 of the Dungeon.
You worshipped Okawaru.
Okawaru was noncommittal.
You were not hungry.

You visited 1 branch of the dungeon, and saw 4 of its levels.

You collected 285 gold pieces.

Inventory:

Hand Weapons
 a - a +0 flail (weapon)
 i - a +0 hand crossbow
Armour
 c - a +0 shield (worn)
 g - a +0 chain mail (worn)
 m - a +0 pair of gloves (worn)
Scrolls
 d - a scroll of fog
 e - 5 scrolls of identify
Potions
 b - a potion of flight
 j - a potion of brilliance
Comestibles
 f - a bread ration
 h - 5 meat rations
 k - a beef jerky
 l - 2 chunks of flesh


   Skills:
 + Level 3.8 Fighting
 + Level 3.5 Maces & Flails
 + Level 3.9 Armour
 + Level 1.0 Dodging
 + Level 4.2 Shields


You had 4 spell levels left.
You didn't know any spells.

Dungeon Overview and Level Annotations

Branches:
Dungeon (4/15)
 Temple: D:4-7

Altars:
Fedhas
Gozag
Kikubaaqudgha
Okawaru


Innate Abilities, Weirdness & Mutations

You are resistant to torment.
Your stone body is resilient. (AC +4)
You are immune to poison.
You resist negative energy. (rN+)
You are resistant to electric shocks. (rElec)
You can survive without breathing.
You are immune to petrification.
You are immune to rotting.


Message History

Your shield and chain mail prevent you from hitting the ogre.
The ogre hits you with a giant club.
You hit the ogre but do no damage. You block the ogre's attack.
Your chain mail prevents you from hitting the ogre.
The ogre barely misses you.
You hit the ogre.
The ogre is lightly wounded.
The ogre hits you with a giant club!!
Ouch! That really hurt!
You thump the ogre!
The ogre is moderately wounded.
You block the ogre's attack.
You hit the ogre but do no damage.
The ogre is moderately wounded.
The ogre hits you with a giant club.
* * * LOW HITPOINT WARNING * * *
You sock the ogre!
The ogre is severely wounded.
The ogre hits you with a giant club!
You die...

. ... #[...
######.....#
#...@O.# #.#.####
#...# ####
##..##..P#
###..P.._.#
####PP.......#
#####
#.P.....PP####
#...###._PPP..###
######..##PP.##...#


You could see an ogre.

Vanquished Creatures
  A hound (D:4)
  4 adders
  A shadow imp (D:3)
  3 worms
  3 leopard geckos
  5 orcs
  2 giant cockroaches
  6 goblins
  7 hobgoblins
  6 jackals
  2 quokkas
  A ball python (D:2)
  5 bats
  4 frilled lizards
  3 kobolds
  6 rats
59 creatures vanquished.

Notes
Turn   | Place    | Note
-------+----------+-------------------------------------------
     0 | D:1      | JeffiDaFish the Gargoyle Fighter began the quest for the Orb.
     0 | D:1      | Reached XP level 1. HP: 14/14 MP: 1/1
   415 | D:1      | Reached XP level 2. HP: 19/19 MP: 2/2
   844 | D:2      | Reached XP level 3. HP: 21/23 MP: 3/3
   871 | D:2      | Found an iron altar of Okawaru.
   879 | D:2      | Became a worshipper of Warmaster Okawaru
  1015 | D:2      | Reached skill level 4 in Shields
  1642 | D:3      | Reached XP level 4. HP: 13/28 MP: 4/4
  2350 | D:3      | Found an opulent altar of Gozag.
  2671 | D:3      | Reached skill level 1 in Dodging
  2757 | D:4      | Reached XP level 5. HP: 18/33 MP: 5/5
  3001 | D:4      | Found a blossoming altar of Fedhas.
  3001 | D:4      | Found an ancient bone altar of Kikubaaqudgha.
  3009 | D:4      | Noticed an ogre
  3019 | D:4      | Slain by an ogre

Skill      XL: |  1  2  3  4 |
---------------+-------------+-----
Shields        | 4 |  4.2
Maces & Flails | 3 |  3.5
Dodging        | 1 |  1.0
Fighting       | |  3.8
Armour         | |  3.9

Action                   |  1- 3 |  4- 6 || total
-------------------------+-------+-------++-------
Melee: Flail             |   173 |   120 ||   293
  Use: Scroll            |     3 |     1 ||     4
       Potion            |     3 |     2 ||     5
  Eat: Chunk             |     3 |     4 ||     7
Armor: Scale mail        |    83 |       ||    83
       Chain mail        |    23 |    91 ||   114
Dodge: Dodged            |    60 |    33 ||    93
Block: Shield            |    98 |    55 ||   153
